 Dungeon Crawl Stone Soup version 0.22-a0-782-g038298e (webtiles) character file.

27432 Kuinu the Arsonist (level 13, -13/86 HPs)
             Began as a Pale Draconian Fire Elementalist on July 20, 2018.
             Was an Elder of Vehumet.
             Mangled by a white ugly thing (17 damage)
             ... in an ice cave.
             The game lasted 02:03:57 (20782 turns).

Kuinu the Arsonist (DrFE)                          Turns: 20782, Time: 02:04:01

Health: -13/86     AC: 15    Str: 12    XL:     13   Next: 4%
Magic:  36/36      EV: 16    Int: 19    God:    Vehumet [****..]
Gold:   666        SH:  0    Dex: 12    Spells: 6/33 levels left

rFire    x . .     SeeInvis .   y - staff of conjuration
rCold    . . .     Gourm    .   (no shield)
rNeg     + + .     Faith    .   (armour unavailable)
rPois    .         Spirit   .   n - +2 hat
rElec    .         Reflect  .   K - +2 cloak
rCorr    .         Harm     .   I - +0 pair of gloves
MR       +....                  r - +0 pair of boots
Stlth    ++++......             J - amulet of the acrobat
HPRegen  0.24/turn              B - ring "Vanetiol" {rF- rN++ MR+ MP+9 Slay-3}
MPRegen  0.25/turn              t - ring of wizardry

@: about to teleport, slowed, very slow
A: breathe steam, unfitting armour, cold-blooded, AC +8
a: Breathe Steam, Renounce Religion


You were in an ice cave.
You worshipped Vehumet.
Vehumet was greatly pleased with you.
You were hungry.

You visited 3 branches of the dungeon, and saw 15 of its levels.
You also visited: Ice Cave.

You collected 666 gold pieces.

Inventory:

Hand Weapons
 d - a +5 fustibalus of freezing
 A - a +4 quarterstaff of chaos
 H - a +2 mace of protection
Missiles
 N - 10 tomahawks (quivered)
 V - 232 arrows
Armour
 n - a +2 hat (worn)
 r - a +0 pair of boots (worn)
 I - a +0 pair of gloves (worn)
 K - a +2 cloak (worn)
Magical Staves
 w - an uncursed staff of summoning
 y - an uncursed staff of conjuration (weapon)
 P - an uncursed staff of earth
 W - an uncursed staff of wizardry
Jewellery
 i - a +6 ring of intelligence
 t - a ring of wizardry (right hand)
 B - the ring "Vanetiol" (left hand) {rF- rN++ MR+ MP+9 Slay-3}
   (You found it on level 8 of the Dungeon)

   [ring of magical power]

   It affects your accuracy and damage with ranged weapons and melee attacks
   (-3).
   It makes you vulnerable to fire.
   It greatly protects you from negative energy.
   It affects your resistance to hostile enchantments.
   It affects your magic capacity (+9).
 J - an amulet of the acrobat (around neck)
 T - an uncursed ring of positive energy
Wands
 m - a wand of flame (59)
 o - a wand of acid (17)
 p - a wand of enslavement (9)
 q - a wand of polymorph (14)
 v - a wand of paralysis (31)
Scrolls
 c - 6 scrolls of enchant weapon
 f - 2 scrolls of immolation
 j - a scroll of holy word {unknown}
 k - a scroll of magic mapping {unknown}
 l - 3 scrolls of teleportation
 s - 3 scrolls of amnesia
 u - a scroll of vulnerability {unknown}
 x - a scroll of torment {unknown}
 F - 2 scrolls of identify
 S - 6 scrolls of remove curse
 U - 3 scrolls of fog
Potions
 e - 2 potions of might
 h - a potion of agility
 z - 2 potions of berserk rage {unknown}
 D - a potion of flight
 E - a potion of cancellation {unknown}
 G - 2 potions of haste {unknown}
 L - a potion of lignification {unknown}
 O - 2 potions of mutation {unknown}
 Q - 2 potions of ambrosia {unknown}
 R - a potion of curing
 Z - 2 potions of invisibility {unknown}
Miscellaneous
 g - a fan of gales
Comestibles
 b - 12 rations


   Skills:
 + Level 7.5 Dodging
 + Level 8.1 Stealth
 * Level 10.5 Spellcasting
 * Level 11.2 Conjurations
 * Level 12.4 Fire Magic


You had 6 spell levels left.
You knew the following spells:

 Your Spells              Type           Power        Failure   Level  Hunger
a - Flame Tongue          Conj/Fire      #####        1%          1    None
b - Throw Flame           Conj/Fire      ######       1%          2    None
c - Conjure Flame         Conj/Fire      ######..     1%          3    None
d - Fireball              Conj/Fire      ######....   1%          5    ####...
e - Sticky Flame          Conj/Fire      ######..     1%          4    ##.....
f - Sticks to Snakes      Tmut           #.......     4%          2    None
g - Throw Frost           Conj/Ice       #####.       1%          2    None
h - Static Discharge      Conj/Air       #####...     1%          3    None
i - Iskenderun's Battles  Conj/Chrm      #####...     2%          5    ####...

Your spell library contained the following spells:

 Spells                   Type           Power        Failure   Level  Hunger
 Lightning Bolt           Conj/Air       #####.....   2%          5    ####...
 Bolt of Magma            Conj/Fire/Erth ######....   1%          5    ####...
 Venom Bolt               Conj/Pois      #####.....   2%          5    ####...
 Iron Shot                Conj/Erth      #####.....   12%         6    ######.
 Shock                    Conj/Air       ####         1%          1    None
 Swiftness                Chrm/Air       #.......     4%          2    None
 Spider Form              Tmut/Pois      #.........   9%          3    None
 Blade Hands              Tmut           #.........   58%         5    ####...
 Ice Form                 Ice/Tmut       #.......     26%         4    ##.....
 Airstrike                Air            #.........   8%          4    ##.....
 Orb of Destruction       Conj           ######....   7%          7    #######
 Inner Flame              Hex/Fire       ####....     1%          3    None
 Beastly Appendage        Tmut           #.....       2%          1    None
 Spellforged Servitor     Conj/Summ      #####.....   47%         7    #######


Dungeon Overview and Level Annotations

Branches:
Dungeon (12/15)            Temple (1/1) D:5            Lair (2/6) D:10
    Orc (0/2) D:10
  Swamp: Lair:2-4    Shoals: Lair:2-4     Snake: Lair:2-4    Spider: Lair:2-4

Altars:
Ashenzari
Cheibriados
Dithmenos
Elyvilon
Fedhas
Gozag
Hepliaklqana
Kikubaaqudgha
Makhleb
Nemelex Xobeh
Okawaru
Qazlal
Ru
Sif Muna
Trog
Uskayaw
Vehumet
Wu Jian
Xom
Yredelemnul
Zin
The Shining One

Shops:
D:12 =

Annotations:
D:7 2 runed doors, Goblin1989's ghost, novice HuFE IceCv 1 transporter


Innate Abilities, Weirdness & Mutations

You can breathe blasts of scalding, opaque steam.
Your pale cyan-grey scales are hard. (AC +8)
You cannot fit into any form of body armour.
You are cold-blooded and may be slowed by cold attacks.


Message History

You feel much better.
The ice beast hits you but does no damage.
The ice beast misses you. The white ugly thing engulfs you.
The white ugly thing freezes you!!
* * * LOW HITPOINT WARNING * * *
The ice beast hits you but does no damage.
What are your orders? t - Shout!
Orders for allies: a - Attack new target. r - Retreat! s - Stop attacking. g - Guard the area. f - Follow me.
Anything else - Cancel.
Okay, then.
As you read the scroll of fear, it crumbles to dust.
You assume a fearsome visage.
The ice beast looks frightened! x3
The white ugly thing resists with some effort.
The ice beast looks frightened! x3; The white ugly thing engulfs you.
* * * LOW HITPOINT WARNING * * *
The white ugly thing freezes you!
You feel yourself slow down.
You die...

####
###...####
#........##
.....Y....##
.....Y.Y...##
.%..8.......#
8.$...u@....#
©?©$...Y∩.∩.#
8.).........#
.=..8Y.Y....#
...........##
..........##
#........##
###...####
####


You could see a white ugly thing and 6 ice beasts.

Vanquished Creatures
  4 hydras
  A death knight (D:12)
  3 two-headed ogres
  A tengu warrior (D:8)
  A centaur warrior (D:8)
  Pikel (D:5)
  A phantasmal warrior (D:12)
  4 cyclopes
  3 ugly things
  A manticore (D:11)
  3 centaur zombies
  4 spiny frogs
  2 centaur skeletons (D:12)
  2 komodo dragons (Lair:2)
  A freezing wraith (D:12)
  A queen bee (D:11)
  Grinder (D:5)
  4 blink frogs (Lair:1)
  4 hippogriffs
  A shadow (D:11)
  2 wyverns
  8 yaks
  2 wraiths (D:12)
  A steam dragon (D:9)
  Grum (D:8)
  2 hungry ghosts
  3 vampire mosquitoes (D:12)
  Edmund (D:6)
  4 wargs (D:10)
  2 water moccasins
  4 porcupines
  5 sky beasts
  2 ice beasts
  5 orc warriors
  2 hornet zombies
  4 slaves (D:5)
  2 black bears
  2 phantoms
  A necrophage (D:7)
  5 ogres
  10 centaurs
  4 wolves (D:8)
  8 crocodiles
  A big kobold (D:12)
  Blork the orc (D:5)
  7 bullfrogs
  A gnoll sergeant (D:11)
  A wyvern zombie (D:9)
  3 wyvern skeletons
  4 scorpions
  21 killer bees (D:11)
  12 wights
  2 howler monkeys
  2 crimson imps
  2 bullfrog zombies
  5 hounds
  6 orc priests
  Crazy Yiuf (D:6)
  2 bullfrog skeletons (D:7)
  5 jellies
  Ijyb (D:5)
  6 orc wizards
  10 worker ants
  Natasha (thrice) (D:2)
  4 iguanas
  Robin (D:2)
  7 gnolls
  12 adders
  3 shadow imps
  2 adder skeletons
  2 adder zombies (D:6)
  A worm (D:2)
  2 dart slugs
  3 leopard geckos
  35 orcs
  6 giant cockroaches
  18 goblins
  9 hobgoblins
  9 jackals
  A quokka (D:7)
  A ball python (D:2)
  9 bats
  5 frilled lizards
  12 kobolds
  9 rats
  2 fungi (Lair:2)
372 creatures vanquished.

Vanquished Creatures (collateral kills)
  3 jackals (D:9)
3 creatures vanquished.

Vanquished Creatures (others)
  A crocodile (D:11)
  A fungus (Lair:2)
  A plant (Lair:2)
3 creatures vanquished.

Grand Total: 378 creatures vanquished

Notes
Turn   | Place    | Note
-------+----------+-------------------------------------------
     0 | D:1      | Kuinu the Draconian Fire Elementalist began the quest for the Orb.
     0 | D:1      | Reached XP level 1. HP: 14/14 MP: 3/3
   269 | D:1      | Reached XP level 2. HP: 20/20 MP: 3/5
   273 | D:1      | Learned a level 2 spell: Throw Flame
  1014 | D:2      | Reached XP level 3. HP: 26/26 MP: 3/6
  1019 | D:2      | Learned a level 3 spell: Conjure Flame
  1420 | D:2      | Noticed Natasha
  1445 | D:2      | Killed Natasha
  1445 | D:2      | Reached XP level 4. HP: 3/33 MP: 1/7
  1573 | D:2      | Noticed Natasha
  1886 | D:2      | Killed Natasha
  2019 | D:2      | Noticed Natasha
  2088 | D:2      | Killed Natasha
  2183 | D:2      | Found a faded altar of an unknown god.
  2190 | D:2      | Noticed Robin
  2236 | D:2      | Reached XP level 5. HP: 34/38 MP: 0/9
  2254 | D:2      | Killed Robin
  3203 | D:3      | Reached skill level 4 in Fire Magic
  4291 | D:4      | Reached XP level 6. HP: 38/45 MP: 1/10
  5014 | D:5      | Entered Level 5 of the Dungeon
  5014 | D:5      | Found a staircase to the Ecumenical Temple.
  5014 | D:5      | Noticed a sky beast
  5018 | D:5      | Killed a sky beast
  5050 | Temple   | Entered the Ecumenical Temple
  5309 | Temple   | Became a worshipper of Vehumet
  5331 | D:5      | Noticed Ijyb
  5332 | D:5      | Paralysed by Ijyb for 2 turns
  5347 | D:5      | Paralysed by Ijyb for 5 turns
  5355 | D:5      | Killed Ijyb
  5422 | D:5      | Noticed Blork the orc
  5589 | D:5      | Killed Blork the orc
  5589 | D:5      | Your scales start taking on a pale cyan-grey colour.
  5589 | D:5      | Reached skill level 5 in Fire Magic
  5589 | D:5      | Reached XP level 7. HP: 50/50 MP: 1/12
  5937 | D:5      | Noticed Pikel
  6112 | D:5      | Killed Pikel
  6112 | D:5      | Reached skill level 6 in Fire Magic
  6112 | D:5      | Reached XP level 8. HP: 36/57 MP: 0/14
  6220 | D:5      | Learned a level 5 spell: Fireball
  6225 | D:5      | Learned a level 4 spell: Sticky Flame
  6688 | D:5      | Noticed Grinder
  6699 | D:5      | Paralysed by Grinder for 4 turns
  6712 | D:5      | Killed Grinder
  6712 | D:5      | Reached skill level 5 in Conjurations
  7198 | D:6      | Reached skill level 5 in Spellcasting
  7496 | D:6      | Noticed Edmund
  7515 | D:6      | Killed Edmund
  7515 | D:6      | Reached skill level 7 in Fire Magic
  8109 | D:6      | Found a runed door.
  8111 | D:6      | Got a slimy mace
  8114 | D:6      | Noticed Crazy Yiuf
  8124 | D:6      | Killed Crazy Yiuf
  8333 | D:7      | Reached XP level 9. HP: 62/62 MP: 17/17
  8398 | D:7      | Reached * piety under Vehumet
  8398 | D:7      | Offered knowledge of Sandblast by Vehumet.
  8605 | D:7      | Found a large runed door.
  8605 | D:7      | Found a large runed door.
  9317 | D:7      | Noticed Goblin1989's ghost (novice HuFE)
  9417 | D:8      | Found a blossoming altar of Fedhas.
  9420 | D:8      | Noticed a two-headed ogre
  9431 | D:8      | Killed a two-headed ogre
  9431 | D:8      | Reached skill level 5 in Stealth
  9431 | D:8      | Reached skill level 8 in Fire Magic
 10203 | D:8      | Got a faintly humming ring mail
 10237 | D:8      | Noticed a tengu warrior
 10241 | D:8      | Noticed a brown ugly thing
 10255 | D:8      | Killed a tengu warrior
 10255 | D:8      | Reached skill level 5 in Dodging
 10255 | D:8      | Reached XP level 10. HP: 47/68 MP: 10/20
 10259 | D:8      | Noticed a centaur warrior
 10259 | D:8      | Killed a brown ugly thing
 10262 | D:8      | Noticed a cyclops
 10267 | D:8      | Killed a centaur warrior
 10267 | D:8      | Reached skill level 9 in Fire Magic
 10277 | D:8      | Killed a cyclops
 10328 | D:8      | Got a pitted granite ring
 10331 | D:8      | Identified the ring "Vanetiol" {rF- rN++ MR+ MP+9 Slay-3} (You found it on level 8 of the Dungeon)
 10722 | D:8      | Noticed Grum
 10733 | D:8      | Killed Grum
 11106 | D:8      | Found a glowing silver altar of Zin.
 11528 | D:9      | Offered knowledge of Freeze by Vehumet.
 11557 | D:9      | Reached ** piety under Vehumet
 12196 | D:9      | Learned a level 2 spell: Sticks to Snakes
 12473 | D:9      | Offered knowledge of Throw Frost by Vehumet.
 12477 | D:9      | Learned a level 2 spell: Throw Frost
 12589 | D:9      | Reached XP level 11. HP: 29/74 MP: 22/23
 12628 | D:9      | Reached skill level 10 in Fire Magic
 13053 | D:10     | Entered Level 10 of the Dungeon
 13071 | D:10     | Noticed a two-headed ogre
 13079 | D:10     | Killed a two-headed ogre
 13123 | D:10     | Reached *** piety under Vehumet
 13889 | D:10     | Found a staircase to the Lair.
 14507 | D:10     | Offered knowledge of Fulminant Prism by Vehumet.
 14711 | D:10     | Found a staircase to the Orcish Mines.
 15474 | D:11     | Reached **** piety under Vehumet
 15889 | D:11     | Learned a level 3 spell: Static Discharge
 15966 | D:11     | Noticed a two-headed ogre
 15977 | D:11     | Killed a two-headed ogre
 15977 | D:11     | Reached skill level 11 in Fire Magic
 16357 | D:11     | Noticed a six-headed hydra
 16361 | D:11     | Offered knowledge of Iskenderun's Battlesphere by Vehumet.
 16367 | D:11     | Reached skill level 10 in Conjurations
 16379 | D:11     | Killed a six-headed hydra
 16379 | D:11     | Reached XP level 12. HP: 40/81 MP: 15/25
 16888 | D:11     | Learned a level 5 spell: Iskenderun's Battlesphere
 17379 | D:12     | Noticed a four-headed hydra
 17411 | D:12     | Killed a four-headed hydra
 17834 | D:12     | Reached ***** piety under Vehumet
 17835 | D:12     | Offered knowledge of Ozocubu's Refrigeration by Vehumet.
 17928 | D:12     | Noticed a death knight
 17946 | D:12     | Killed a death knight
 17946 | D:12     | Reached skill level 10 in Spellcasting
 18293 | D:12     | Found Cuaqaon's Jewellery Emporium.
 18415 | D:12     | Noticed a four-headed hydra
 18440 | D:12     | Killed a four-headed hydra
 18440 | D:12     | Reached skill level 12 in Fire Magic
 18991 | Lair:1   | Entered Level 1 of the Lair of Beasts
 19420 | Lair:1   | Noticed a six-headed hydra
 19437 | Lair:1   | Killed a six-headed hydra
 20457 | Lair:2   | Found a frozen archway.
 20490 | Lair:2   | Reached XP level 13. HP: 86/86 MP: 20/27
 20777 | IceCv    | Entered an ice cave
 20778 | IceCv    | Found a transporter.
 20782 | IceCv    | HP: 4/86 [white ugly thing (2)]
 20782 | IceCv    | Mangled by a white ugly thing

Vault maps used:
D:1:      lemuel_arrival_rhombus, st_stairs_10, minmay_misc_feat_iff
D:2:      chequers_ecumenical_altar_simple, nrook_mini_vaults,
          dk_noncrumbling_3, uniq_natasha, uniq_robin
D:4:      first_ration, minmay_small_thing
D:5:      minmay_temple_entry_statues_fountains, uniq_grinder,
          uniq_blork_the_orc, uniq_pikel, uniq_ijyb
D:6:      minmay_misc_feat_chi, small_statue_intersection, uniq_edmund,
          uniq_crazy_yiuf_cottage
D:7:      ebering_ghost_disaster_area
D:8:      minmay_the_grid_triangle_9x9_rhombus_thin,
          nicolae_overflow_crystal_walls, uniq_grum
D:10:     minmay_lair_entry_grove, minmay_orc_entry_guard_dogs
D:11:     lemuel_flame_loot_2, david_nohive_1
D:12:     serial_shops, nicolae_shop_crystal
Temple:   roderic_octagonal_lattice_temple
Lair:1:   grunt_megastairs_4
Lair:2:   portal_ice_cave_entry_pillars_1, st_stairs_8, beast_lair_carwin_6,
          uniq_prince_ribbit2
IceCv:    ice_cave_statue_garden_transporter

Skill      XL: |  1  2  3  4  5  6  7  8  9 10 11 12 |
---------------+-------------------------------------+-----
Stealth        | 2 3 4 5 6 7 8 |  8.1
Dodging        | 2 3 4 5 6 7 |  7.5
Conjurations   | 2 3 4 5 7 8 10 11 | 11.2
Fire Magic     | 4 5 6 7 8 9 11 12 | 12.4
Spellcasting   | 3 4 5 7 8 9 10 | 10.5

Action                   |  1- 3 |  4- 6 |  7- 9 | 10-12 | 13-15 || total
-------------------------+-------+-------+-------+-------+-------++-------
Melee: Unarmed           |    28 |       |       |       |       ||    28
       Tailslap          |     5 |    16 |    26 |    10 |       ||    57
       Dagger            |    52 |   170 |   128 |       |       ||   350
       Whip              |     6 |       |       |       |       ||     6
       Mace              |       |       |   122 |    10 |       ||   132
       Staff             |       |       |       |    69 |     8 ||    77
Throw: Tomahawk          |       |       |       |    10 |       ||    10
 Cast: Flame Tongue      |    39 |    36 |   117 |   448 |    19 ||   659
       Throw Flame       |    10 |    53 |    51 |    88 |       ||   202
       Conjure Flame     |       |    10 |    13 |    39 |     3 ||    65
       Fireball          |       |       |     2 |    46 |     2 ||    50
       Sticky Flame      |       |       |       |    74 |     2 ||    76
       Sticks to Snakes  |       |       |       |     9 |       ||     9
       Static Discharge  |       |       |       |     4 |       ||     4
       Throw Frost       |       |       |       |     3 |       ||     3
       Iskenderun's Batt |       |       |       |     1 |       ||     1
 Abil: Evoke Berserk Rag |       |     1 |     5 |       |       ||     6
  Use: Scroll            |     4 |       |     4 |    15 |     2 ||    25
       Potion            |       |     3 |     1 |     5 |     1 ||    10
  Eat: Chunk             |     2 |    11 |     5 |    18 |     1 ||    37
       Ration            |       |     3 |     6 |     9 |       ||    18
Armor: Skin              |    26 |    71 |   151 |   106 |     4 ||   358
Dodge: Dodged            |    67 |   136 |   191 |   252 |     8 ||   654

Table legend:
 A = Spawn XP
 B = Non-spawn XP
 C = Spawn XP percentage of total XP
 D = Spawn monster count
 E = Non-spawn monster count
 F = Spawn count percentage of total count
 G = Total turns spent on level
                    A         B        C        D         E        F      G
               +---------+---------+-------+---------+---------+-------+---------
         Total |       0 |   39189 |   0.0 |       0 |     369 |   0.0 | 20782
               +---------+---------+-------+---------+---------+-------+---------
           D:1 |       0 |      40 |   0.0 |       0 |      26 |   0.0 |  1195
           D:2 |       0 |     180 |   0.0 |       0 |      32 |   0.0 |  1632
           D:3 |       0 |      60 |   0.0 |       0 |      15 |   0.0 |   805
           D:4 |       0 |     202 |   0.0 |       0 |       9 |   0.0 |  1382
           D:5 |       0 |    1375 |   0.0 |       0 |      24 |   0.0 |  1830
           D:6 |       0 |     752 |   0.0 |       0 |      16 |   0.0 |  1160
           D:7 |       0 |     992 |   0.0 |       0 |      18 |   0.0 |  1099
           D:8 |       0 |    5480 |   0.0 |       0 |      24 |   0.0 |  2142
           D:9 |       0 |    2638 |   0.0 |       0 |      43 |   0.0 |  2023
          D:10 |       0 |    4041 |   0.0 |       0 |      29 |   0.0 |  1561
          D:11 |       0 |    8814 |   0.0 |       0 |      61 |   0.0 |  2209
          D:12 |       0 |    8268 |   0.0 |       0 |      48 |   0.0 |  1677
        Lair:1 |       0 |    3268 |   0.0 |       0 |      12 |   0.0 |  1296
        Lair:2 |       0 |    3079 |   0.0 |       0 |      12 |   0.0 |   490
               +---------+---------+-------+---------+---------+-------+---------
